 Dungeon Crawl Stone Soup version 0.13-a0-2484-gc765b08 (webtiles) character file.

693 Rycklaryybbe the Covert (level 6, -3/41 HPs)
             Began as a Vampire Enchanter on July 20, 2013.
             Was a Follower of Kikubaaqudgha.
             Killed from afar by an orc wizard (12 damage)
             ... with a puff of flame
             ... on Level 4 of the Dungeon.
             The game lasted 00:12:32 (3941 turns).

Rycklaryybbe the Covert (Vampire Enchanter)         Turns: 3941, Time: 00:12:32

HP  -3/41        AC  4     Str  8      XL: 6   Next: 55%
MP   3/10        EV 18     Int 17      God: Kikubaaqudgha [*.....]
Gold 290         SH  0     Dex 20      Spells:  3 memorised,  1 level left

Res.Fire  : . . .   See Invis. : +   x - +4,+2 elf dagger
Res.Cold  : . . .   Warding    : .   b - +1 robe
Life Prot.: . . .   Conserve   : .   (no shield)
Res.Poison: .       Res.Corr.  : .   (no helmet)
Res.Elec. : .       Clarity    : .   (no cloak)
Sust.Abil.: . .     Spirit.Shd : .   l - +0 pair of gloves (curse)
Res.Mut.  : .       Stasis     : .   (no boots)
Res.Rott. : .       Flight     : .   (no amulet)
Saprovore : . . .                    (no ring)
                                     (no ring)

@: regenerating quickly, agile, very slightly contaminated, slowed, very slow,
slightly resistant to hostile enchantments, extremely stealthy
A: bottle blood, fangs 3, see invisible, unbreathing
a: Bottle Blood, Receive Corpses, Renounce Religion


You were on level 4 of the Dungeon.
You worshipped Kikubaaqudgha.
Kikubaaqudgha was most pleased with you.
You were full.

You visited 1 branch of the dungeon, and saw 4 of its levels.
You also visited: Sewer.

You collected 270 gold pieces.

Inventory:

Hand weapons
 a - a +1,+1 dagger {=f}
 x - a +4,+2 elven dagger (weapon)
Missiles
 d - 12 darts (quivered)
Armour
 b - a +1 robe (worn)
 e - a +0 elven robe
 l - a cursed +0 pair of gloves (worn)
 v - a +0 robe
Magical devices
 w - a wand of paralysis (13) {unknown}
 y - a wand of disintegration (17) {unknown}
Scrolls
 f - a scroll of enchant weapon II {unknown}
 g - 6 scrolls of identify {unknown}
 h - a scroll of curse weapon {unknown}
 i - 2 scrolls of magic mapping {unknown}
 j - 8 scrolls of teleportation {unknown}
 k - a scroll of curse jewellery {unknown}
 o - a scroll of recharging {unknown}
 A - 2 scrolls of fog {unknown}
 B - a scroll of fear {unknown}
 C - a scroll of enchant weapon I {unknown}
 D - a scroll of curse armour {unknown}
Potions
 m - 3 potions of curing
 n - 2 potions of slowing
 r - 2 potions of magic {unknown}
 s - 3 potions of might
 u - a potion of mutation {unknown}
 z - 2 potions of speed {unknown}
Books
 c - a book of Maledictions

   Spells                             Type                      Level
   *Corona                            Hexes                        1
   Sure Blade                         Hexes/Charms                 2
   *Ensorcelled Hibernation           Hexes/Ice                    2
   *Confuse                           Hexes                        3
   Enslavement                        Hexes                        4
   Invisibility                       Hexes                        6
 q - Kikubaaqudgha's Grimoire of Evil
   (Kikubaaqudgha gifted it to you in a sewer)

   Spells                             Type                      Level
   Animate Skeleton                   Necromancy                   1
   Lethal Infusion                    Charms/Necromancy            2
   Sublimation of Blood               Necromancy                   2
   Vampiric Draining                  Necromancy                   3
   Control Undead                     Necromancy                   4


   Skills:
 - Level 1.5 Short Blades
 - Level 0.7 Throwing
 - Level 2.1 Dodging
 * Level 9.0 Stealth
 - Level 1.0 Spellcasting
 * Level 7.2 Hexes


You had one spell level left.
You knew the following spells:

 Your Spells              Type           Power        Failure   Level  Hunger
a - Corona                Hex            ####...      1%          1    ##.....
b - Confuse               Hex            ####....     4%          3    ####...
c - Ensorcelled Hibernat  Hex/Ice        ##....       10%         2    ###....


Dungeon Overview and Level Annotations

Branches:
Dungeon (4/27)
 Temple: D:4-7

Altars:
Kikubaaqudgha


Innate Abilities, Weirdness & Mutations

Your natural rate of healing is unusually fast.
You can bottle blood from corpses.
You have razor-sharp teeth.*
You have supernaturally acute eyesight.
You can survive without breathing.*


Message History

The orc wizard is heavily wounded.
The orc wizard hits you but does no damage.
The orc wizard hits you with an orcish dagger.
The orc wizard hits you with a runed orcish dagger.
* * * LOW HITPOINT WARNING * * *
Unknown command.
Drink which item? (? for menu, Esc to quit)
You feel better. The orc wizard barely misses you.
The orc wizard hits you with an orcish dagger.
The orc wizard hits you with a runed orcish dagger.
* * * LOW HITPOINT WARNING * * *
The orc wizard hits you but does no damage.
The orc wizard closely misses you.
The orc wizard hits you but does no damage.
The orc wizard hits you with a runed orcish dagger.
* * * LOW HITPOINT WARNING * * *
The orc wizard points at you and mumbles some strange words.
The puff of flame hits you!
You die...
Kikubaaqudgha rasps: "You have failed me!
Welcome... oblivion!"

. #.# #.### #. #.# #.# #.
#.# #.# #. #.# #.#
#.#########.# #.#
#...........####.#
#................#
#.....)..........#
#..@######[).....###
#.####.oo# #..........
#........# #..........
#........# #.....###'#
#........# #.....#....
#........# #.....#....
#........# #.....#....
#........######.....#....
#...................#....


You could see 2 orc wizards.

Vanquished Creatures
  2 orc priests (D:4)
  An orange rat (Sewer)
  2 worker ants (D:4)
  11 adders
  6 green rats (Sewer)
  A giant mite (D:4)
  A giant eyeball (D:4)
  3 giant geckos
  3 oozes
  4 orcs (D:4)
  10 ball pythons
  9 bats
  4 giant cockroaches
  5 goblins
  6 grey rats (Sewer)
  6 hobgoblins
  8 jackals
  10 giant newts
  A gnoll skeleton (D:4)
  7 kobolds
  A quokka (D:3)
  13 rats
114 creatures vanquished.

Notes
Turn   | Place    | Note
--------------------------------------------------------------
     0 | D:1      | Rycklaryybbe, the Vampire Enchanter, began the quest for the Orb.
     0 | D:1      | Reached XP level 1. HP: 13/13 MP: 4/4
   180 | D:1      | Reached XP level 2. HP: 17/19 MP: 5/5
   338 | D:1      | Reached skill level 5 in Stealth
   552 | D:1      | Reached XP level 3. HP: 11/24 MP: 3/6
  1056 | D:2      | Reached skill level 6 in Stealth
  1174 | D:2      | HP: 1/24 [adder (2)]
  1185 | D:2      | Learned a level 3 spell: Confuse
  1593 | D:2      | Reached XP level 4. HP: 30/30 MP: 8/8
  1612 | D:2      | Reached skill level 7 in Stealth
  1844 | D:3      | Reached skill level 5 in Hexes
  2139 | D:3      | Found an ancient bone altar of Kikubaaqudgha.
  2217 | D:3      | Became a worshipper of Kikubaaqudgha
  2286 | D:3      | Reached XP level 5. HP: 25/35 MP: 2/9
  2735 | D:4      | Found a glowing drain.
  2759 | Sewer    | Entered a sewer
  2852 | Sewer    | Acquired Kikubaaqudgha's first power
  2852 | Sewer    | Received a gift from Kikubaaqudgha
  2853 | Sewer    | Identified Kikubaaqudgha's Grimoire of Evil (Kikubaaqudgha gifted it to you in a sewer)
  2924 | Sewer    | Reached skill level 8 in Stealth
  3095 | Sewer    | Learned a level 2 spell: Ensorcelled Hibernation
  3112 | Sewer    | Reached XP level 6. HP: 36/41 MP: 5/10
  3752 | D:4      | Reached skill level 9 in Stealth
  3941 | D:4      | Killed from afar by an orc wizard

Action                   |  1- 3 |  4- 6 || total
-------------------------+-------+-------++-------
Melee: Dagger            |   183 |   193 ||   376
 Cast: Corona            |    10 |     1 ||    11
       Confuse           |       |    15 ||    15
       Ensorcelled Hiber |       |    15 ||    15
  Use: Potion            |     1 |    10 ||    11
 Stab: Sleeping          |    12 |    32 ||    44
       Confused          |       |     3 ||     3
       Distracted        |       |     2 ||     2
